Unix NetHack Version 5.0.0-0 post-release - last build Jul 19 2026 19:10:59 (3aa4ab31751d3886436d94b585a96704892fd477,branch:main).

Game began 2026-07-28 23:48:52, ended 2026-07-29 00:03:52.

Impglein, chaotic male human Barbarian

      ---------
      |...>...-####                                 #            ---------
      |.......|   ################    --------     -.----       #........|
      |.......|                  #####.......|    #.....|       #|..ed...|
      ---.-----                   ####|......|    #|....|       #|.@>....|
         ####                     #  #|......|   )#|..)..#      #|o).....|
            ##                       #|......-#####------#     ##-.-------
             ######                  #|......|#   #      #     #
                  #                  #--------#   #      #     #
           -------.-----             ##########   #     ##     #
           |...........|                      #   #     #      #
           |.....(..<..|                     ##   #    ##      #
           |...........|                     #    #    #       #
           |...........|                   ###    ##   #------ #
           |...........|                   #-------#   #|....| #
           |...........+                   #......|#   #-....|##
           -------------                    |.....|#    |....-#
                                            |.....-#    ------
                                            -------

Impglein the Pillager      St:18/01 Dx:17 Co:18 In:6 Wi:7 Ch:7  Chaotic
Dlvl:4  $:67 HP:0(44) Pw:8(8) AC:-1 Xp:3 T:2021 

Latest messages:
 The hobgoblin hits!
 The hobgoblin misses!
 The hobgoblin misses!
 The hobgoblin hits!
 The hobgoblin hits!
 The hobgoblin hits!
 Idefix misses it.
 The hobgoblin hits!
 Idefix bites it.
 It misses Idefix.
 Idefix bites it.
 The hobgoblin hits!
 The hobgoblin hits!
 You hear bubbling water.
 The hobgoblin hits!
 You hear someone counting gold coins.
 The hobgoblin misses!
 Idefix bites the floating eye.
 Idefix is frozen by the floating eye's gaze!
 The hobgoblin misses!
 The hobgoblin misses!
 The hobgoblin hits!
 The hobgoblin hits!
 The hobgoblin misses!
 The hobgoblin hits!
 The hobgoblin misses!
 The hobgoblin misses!
 The hobgoblin hits!
 The hobgoblin misses!
 The hobgoblin just misses!
 The hobgoblin hits!
 The hobgoblin misses!
 The hobgoblin hits!
 The hobgoblin misses!
 The hobgoblin misses!
 The hobgoblin misses!
 The hobgoblin hits!
 The hobgoblin misses!
 The hobgoblin hits!
 The hobgoblin hits!
 The hobgoblin just misses!
 The hobgoblin hits!
 The hobgoblin hits!
 The hobgoblin hits!
 You die...
 Do you want your possessions identified? [ynq] (y) y
 Do you want to see your attributes? [ynq] (y) y
 Do you want an account of creatures vanquished? [ynaq] (y) y
 Do you want to see your conduct and achievements? [ynq] (y) y
 Do you want to see the dungeon overview? [ynq] (y) y

Inventory:
 Coins    ('$')
  $ - 67 gold pieces
 Weapons  (')')
  b - a +0 axe (alternate weapon; not wielded)
  a - a -1 two-handed sword
 Armor    ('[')
  y - a blessed +2 gray dragon scale mail (being worn)
  c - an uncursed +0 ring mail
 Comestibles  ('%')
  l - an uncursed slime mold
  r - an uncursed candy bar labeled "Choco Nummer"
  d - 3 uncursed food rations
  v - an uncursed tin of candied gecko meat
 Scrolls  ('?')
  q - an uncursed scroll of blank paper
  s - an uncursed scroll of genocide
 Potions  ('!')
  f - an uncursed potion of healing
 Wands    ('/')
  n - a wand of lightning (0:6)
 Tools    ('(')
  g - an uncursed oil lamp
  x - an uncursed oil lamp (wielded)
  o - a cursed tallow candle
 Gems/Stones  ('*')
  p - a cursed garnet stone
  i - 2 uncursed worthless pieces of violet glass
  u - an uncursed worthless piece of yellow glass

Impglein the Barbarian's attributes:

Background:
 You were a Pillager, a level 3 male human Barbarian.
 You were chaotic, nominally on a mission for Set
 who was opposed by Mitra (lawful) and Crom (neutral).
 You were right-handed.
 You were in the Dungeons of Doom, on level 4.
 You entered the dungeon 2021 turns ago.
 It was the midnight hour.
 You had 45 experience points, 35 more were needed to attain level 4.

Basics:
 You had 0 out of 44 hit points.
 You had all 8 energy points (spell power).
 Your armor class was -1.
 Your wallet contained 67 zorkmids.
 Autopickup was off.

Final Characteristics:
 Your strength was 18/01 (limit:18/100).
 Your dexterity was 17 (limit:18).
 Your constitution was 18 (limit:18).
 Your intelligence was 6 (peak:7, limit:18).
 Your wisdom was 7 (limit:18).
 Your charisma was 7 (limit:18).

Final Status:
 You weren't hungry.
 You were unencumbered.
 You were wielding a tool.

Final Attributes:
 You were devoutly aligned.
 You were magic-protected.
 You were poison resistant.
 You would have confused monsters when hitting them.
 You are dead.

Miscellaneous:
 You didn't encounter any bones levels.
 Total elapsed playing time was 14 minutes and 59 seconds.

Major events:
 Turn
    1: Impglein the chaotic male human Barbarian entered the dungeon
 1764: attained the rank of Pillager (level 3)
 1904: made his first wish - "blessed +2 gray dragon scale mail", got "a gray dragon scale mail"
 2021: killed by a hobgoblin, while frozen by a floating eye's gaze

You didn't know any spells.

Skills:
 Fighting Skills
   bare handed combat [Basic]
   two weapon combat  [Unskilled]
   riding             [Unskilled]
 Weapon Skills
   dagger             [Unskilled]
   axe                [Basic]
   pick-axe           [Unskilled]
   short sword        [Unskilled]
   broadsword         [Unskilled]
   long sword         [Unskilled]
   two-handed sword   [Basic]
   saber              [Unskilled]
   club               [Unskilled]
   mace               [Unskilled]
   morning star       [Unskilled]
   flail              [Unskilled]
   hammer             [Unskilled]
   quarterstaff       [Unskilled]
   spear              [Unskilled]
   trident            [Unskilled]
   bow                [Unskilled]
 Spellcasting Skills
   attack spells      [Unskilled]
   escape spells      [Unskilled]

Voluntary challenges:
 Character rerolling was not enabled.
 You followed a strict vegan diet.
 You were an atheist.
 You never genocided any monsters.
 You never polymorphed an object.
 You never changed form.
 You used 1 wish.
 You did not wish for any artifacts.
Achievements:
 You entered a shop.
 You attained the rank of Pillager.

 The Dungeons of Doom: levels 1 to 4
    Level 1:
       A fountain.
    Level 2:
       A food shop, some fountains.
    Level 3:
    Level 4: <- You were here.
       A fountain.
       Final resting place for
          you, killed by a hobgoblin, while frozen by a floating eye's gaze.


Vanquished creatures:
  a shrieker
 an iguana
  a hobbit
  a hobgoblin
  2 gnomes
  a gecko
  2 jackals
  a fox
  5 grid bugs
  a kobold zombie
  7 newts
23 creatures vanquished.

No species were genocided or became extinct.

Game over:
                       ----------
                      /          \
                     /    REST    \
                    /      IN      \
                   /     PEACE      \
                  /                  \
                  |     Impglein     |
                  |      67 Au       |
                  |   killed by a    |
                  |    hobgoblin     |
                  |                  |
                  |                  |
                  |       2026       |
                 *|     *  *  *      | *
        _________)/\\_//(\/(/\)/\//\/|_)_______

Goodbye Impglein the Barbarian...

You died in The Dungeons of Doom on dungeon level 4 with 431 points,
and 67 pieces of gold, after 2021 moves.
You were level 3 with a maximum of 44 hit points when you died.

